 Dungeon Crawl Stone Soup version 0.30-a0-141-g30f27751c5 (webtiles) character file.

Game seed: 15657092034676443642

56 qw the Chopper (level 3, -1/23 HPs)
             Began as a Gargoyle Fighter on Sept 25, 2022.
             Slain by Jessica
             ... wielding a +0 dagger
              (5 damage)
             ... on level 2 of the Dungeon.
             The game lasted 00:00:27 (1315 turns).

qw the Chopper (Gargoyle Fighter)                   Turns: 1315, Time: 00:00:27

Health: -1/23      AC: 11    Str: 21    XL:     3   Next: 97%
Magic:  3/3        EV:  9    Int:  8    God:
Gold:   86         SH:  4    Dex:  9    Spells: 2/2 levels left

rFire   . . .      SeeInvis .    Y - +0 war axe
rCold   . . .      Faith    .    c - +0 buckler
rNeg    + . .      Spirit   .    b - +0 scale mail
rPois   inf        Reflect  .    f - +0 helmet
rElec   +          Harm     .    (no cloak)
rCorr   .          Rampage  .    (no gloves)
Will    .....                    (no boots)
Stlth   ..........               (no amulet)
HPRegen 0.07/turn                (no ring)
MPRegen 0.08/turn                (no ring)

@: no status effects
A: sickness immunity, AC +3, negative energy resistance 1, electricity
resistance, torment resistance 1, petrification resistance
a: no special abilities


You were on level 2 of the Dungeon.
You visited 1 branch of the dungeon, and saw 2 of its levels.

You collected 86 gold pieces.


Innate Abilities, Weirdness & Mutations

You are immune to sickness and miasma.
Your stone body is resilient. (AC +3)
You are immune to poison.
You resist negative energy. (rN+)
You are resistant to electric shocks. (rElec)
You are resistant to unholy torment.
You are immune to petrification.


   Skills:
 - Level 3.2 Fighting
 + Level 3.7 Axes
 - Level 3.2 Armour
 - Level 3.2 Shields


You had 2 spell levels left.
You didn't know any spells.
Your spell library was empty.

Inventory:

Hand Weapons
 l - a +0 whip
 Y - a +0 war axe (weapon)
Armour
 b - a +0 scale mail (worn)
 c - a +0 buckler (worn)
 f - a +0 helmet (worn)
 n - a +1 leather armour of poison resistance
Jewellery
 h - an amulet of reflection
 j - a ring of resist corrosion
 m - a ring of ice
Scrolls
 a - a scroll of summoning {unknown}
Potions
 d - a potion of might
 e - a potion of haste
 g - a potion of curing {unknown}
 i - a potion of flight {unknown}
 k - a potion of invisibility {unknown}

Dungeon Overview and Level Annotations

Branches:
Dungeon (2/15)

Altars:

Annotations:
D:2 Jessica, Sigmund


Message History

The quokka closely misses you.
You slash the quokka!
You kill the quokka!
You closely miss the adder. You slash the goblin!
You kill the goblin!
You closely miss the hobgoblin. You block the adder's attack.
Sigmund gestures wildly while chanting.
Sigmund flickers and vanishes!
Deactivating autopickup; reactivate with Ctrl-A.
You block the hobgoblin's attack. The adder closely misses you.
You block something's attack.
You slash the adder!
You kill the adder!
You hit the hobgoblin. The hobgoblin barely misses you. The hobgoblin hits you.
Jessica hits you but does no damage. Something hits you.
You closely miss Jessica. You barely miss the hobgoblin.
Jessica hits you with a +0 dagger.
The hobgoblin hits you but does no damage.
You closely miss Jessica. You slash the hobgoblin!
You kill the hobgoblin!
Something hits you but does no damage. Jessica casts a spell at you.
Pain shoots through your body!
You closely miss Jessica. Jessica casts a spell at you.
You are unaffected.
You hear some strange, mumbled words.
A puff of flame appears from out of thin air!
The puff of flame hits you! Something hits you.
Jessica hits you but does no damage.
You hit Jessica.
Jessica is severely wounded.
Jessica casts a spell.
Jessica seems to speed up.
Something hits you but does no damage.
You hit Jessica.
Jessica is severely wounded.
Jessica hits you with a +0 dagger.
You die...

##....# ##.#.....#
...#.....######.
...............
........# ...#.
##...#.## #...###
#....{..#.#.....#
#....%@.#.......#
#...%@.%######..## ##
#...)........#...####.
#.......####.#.#......
######### #...#......
#####...... #....#.
#...... #......
#####.#


You could see Jessica (fast).

Vanquished Creatures
  3 adders (D:2)
  A worm (D:2)
  A dart slug (D:1)
  An endoplasm (D:1)
  4 goblins
  3 hobgoblins
  2 jackals (D:2)
  2 quokkas
  3 bats
  A frilled lizard (D:1)
  3 kobolds (D:1)
  2 rats (D:1)
26 creatures vanquished.

Notes
Turn   | Place    | Note
-------+----------+-------------------------------------------
     0 | D:1      | qw the Gargoyle Fighter began the quest for the Orb.
     0 | D:1      | Reached XP level 1. HP: 14/14 MP: 1/1
     0 | D:1      | 0 ||| qw: Version: 0.2-a-10-g399e6c4
     0 | D:1      | 0 ||| qw: Game counter: 316
     0 | D:1      | 0 ||| qw: Always use a shield: true
     0 | D:1      | 0 ||| qw: God list: Okawaru
     0 | D:1      | 0 ||| qw: Allow faded altars: false
     0 | D:1      | 0 ||| qw: Do Orc after D:15 true
     0 | D:1      | 0 ||| qw: Do second Lair branch before Depths: true
     0 | D:1      | 0 ||| qw: Lair rune preference: random
     0 | D:1      | 0 ||| qw: Plans: Normal, Zot:1-4, God:TSO, Crypt, Tomb,
                  | Pan, Slime:5, Hells, Abyss, Orb
     0 | D:1      | 0 ||| PLANNING D:1-11
   314 | D:1      | Reached XP level 2. HP: 19/19 MP: 2/2
   666 | D:1      | 666 ||| DROPPING +0 club.
   877 | D:1      | 877 ||| UPGRADING to +0 helmet.
   882 | D:1      | 882 ||| READING scroll labelled VASIBA ULUCUI.
   883 | D:1      | 883 ||| READING scroll labelled OTIG RAV JOORR.
   884 | D:1      | 884 ||| READING scroll labelled IREFIOFUTS.
   885 | D:1      | 885 ||| READING scroll labelled JIKHLU YKOZELE.
   886 | D:1      | 886 ||| DRINKING 2 sedimented cyan potions.
   918 | D:2      | Reached skill level 3 in Axes
   918 | D:2      | Reached XP level 3. HP: 20/23 MP: 3/3
   918 | D:2      | 918 ||| STAIRDANCE
  1017 | D:2      | 1017 ||| Stepping ~*~*~tactically~*~*~ (stealth).
  1295 | D:2      | Noticed Sigmund
  1296 | D:2      | 1296 ||| Stepping ~*~*~tactically~*~*~ (hiding).
  1297 | D:2      | 1297 ||| Stepping ~*~*~tactically~*~*~ (hiding).
  1298 | D:2      | 1298 ||| Stepping ~*~*~tactically~*~*~ (hiding).
  1301 | D:2      | Noticed Jessica
  1313 | D:2      | HP: 4/23 [something (3)]
  1315 | D:2      | Slain by Jessica

Levels and vault maps discovered:
D:1:      zaba_arrival_water, layout_basic
D:2:      layout_basic, basic_altar, uniq_crazy_yiuf_cottage, uniq_sigmund,
          uniq_jessica

Skill      XL: |  1  2 |
---------------+-------+-----
Axes           | 2 3 |  3.7
Fighting       | |  3.2
Armour         | |  3.2
Shields        | |  3.2

Action                   || total
-------------------------++-------
Melee: War axe           ||    70
  Use: Scroll            ||     4
       Potion            ||     1
Armor: Scale mail        ||    44
Dodge: Dodged            ||    33
Block: Buckler           ||    20

Table legend:
 A = Non-vault XP
 B = Vault XP
 C = Vault XP percentage of total XP
 D = Non-vault monster count
 E = Vault monster count
 F = Vault count percentage of total count
                 A         B        C        D         E       F
            +---------+---------+-------+---------+---------+-------
      Total |      81 |       0 |   0.0 |      26 |       0 |   0.0
            +---------+---------+-------+---------+---------+-------
        D:1 |      21 |       0 |   0.0 |      13 |       0 |   0.0
        D:2 |      60 |       0 |   0.0 |      13 |       0 |   0.0
            +---------+---------+-------+---------+---------+-------
